 Dungeon Crawl Stone Soup version 0.29.1-12-g30fa7ad0bf (webtiles) character file.

Game seed: 18326662146835286976

1967 wormed the Summoner (level 9, 0/65 HPs)
             Began as a Gnoll Summoner on Dec 26, 2022.
             Was an Initiate of Vehumet.
             Slain by Duvessa
             ... wielding a +2 rapier of venom
              (14 damage)
             ... on level 6 of the Dungeon.
             The game lasted 00:17:28 (8398 turns).

wormed the Summoner (Gnoll Summoner)                Turns: 8398, Time: 00:17:28

Health: 0/65       AC:  4    Str:  9    XL:     9   Next: 19%
Magic:  10/18      EV: 13    Int: 18    God:    Vehumet [......]
Gold:   211        SH:  0    Dex: 12    Spells: 10/21 levels left

rFire   . . .      SeeInvis .   A - +7 staff of the Meek {protect, meekguard}
rCold   . . .      Faith    .   (shield currently unavailable)
rNeg    + . .      Spirit   .   j - +0 leather armour
rPois   .          Reflect  .   (no helmet)
rElec   .          Harm     .   (no cloak)
rCorr   .          Rampage  .   (no gloves)
Will    .....                   z - +0 pair of boots
Stlth   +++.......              v - amulet of the acrobat
HPRegen 0.20/turn               g - ring of positive energy
MPRegen 0.16/turn               n - ring of wizardry

@: very slightly contaminated
A: fangs 1, strong nose, distributed training
a: Renounce Religion


You were on level 6 of the Dungeon.
You worshipped Vehumet.
Vehumet was noncommittal.
You visited 2 branches of the dungeon, and saw 7 of its levels.

You collected 211 gold pieces.

Inventory:

Hand Weapons
 A - the +7 staff of the Meek (weapon) {protect, meekguard}
   (You found it on level 5 of the Dungeon)

   It grants its wielder temporary protection when it strikes (+7 to AC).
   It provides extra protection to wielders with little health.
Armour
 j - a +0 leather armour (worn)
 z - a +0 pair of boots (worn)
Jewellery
 g - a ring of positive energy (left hand)
 n - a ring of wizardry (right hand)
 v - an amulet of the acrobat (around neck)
 y - a ring of ice
Wands
 t - a wand of flame (26)
Scrolls
 c - a scroll of enchant weapon
 d - a scroll of noise {unknown}
 e - 3 scrolls of vulnerability
 h - a scroll of brand weapon {unknown}
 i - 2 scrolls of blinking {unknown}
 k - 2 scrolls of teleportation {unknown}
 o - a scroll of enchant armour {unknown}
 p - 2 scrolls of magic mapping {unknown}
 r - 3 scrolls of amnesia {unknown}
 s - a scroll of poison {unknown}
 w - a scroll of silence {unknown}
 x - a scroll of butterflies {unknown}
Potions
 a - a potion of cancellation
 b - 3 potions of magic
 f - 3 potions of brilliance
 l - a potion of ambrosia
 m - 2 potions of curing
 q - a potion of degeneration {unknown}


   Skills:
 + Level 4.1 Fighting
 + Level 4.1 Short Blades
 + Level 4.1 Long Blades
 + Level 4.1 Axes
 + Level 4.1 Maces & Flails
 + Level 4.1 Polearms
 + Level 4.1 Staves
 + Level 4.1 Ranged Weapons
 + Level 4.1 Throwing
 + Level 4.1 Armour
 + Level 6.2 Dodging
 + Level 6.0 Stealth
 + Level 4.1 Shields
 + Level 4.1 Unarmed Combat
 + Level 6.6 Spellcasting
 + Level 3.4 Conjurations
 + Level 3.4 Hexes
 + Level 8.0 Summonings
 + Level 3.4 Necromancy
 + Level 3.4 Translocations
 + Level 3.4 Transmutations
 + Level 3.4 Fire Magic
 + Level 3.4 Ice Magic
 + Level 3.4 Air Magic
 + Level 3.4 Earth Magic
 + Level 3.4 Poison Magic
 + Level 4.5 Invocations
 + Level 4.1 Evocations


You had 10 spell levels left.
You knew the following spells:

 Your Spells              Type           Power      Damage    Failure   Level
a - Summon Small Mammal   Summ           100%       N/A       1%          1
b - Call Canine Familiar  Summ           34%        N/A       1%          3
c - Summon Guardian Gole  Hex/Summ       26%        N/A       1%          3
d - Summon Lightning Spi  Summ/Air       26%        N/A       6%          4

Your spell library contained the following spells:

 Spells                   Type           Power      Damage    Failure   Level
 Call Imp                 Summ           34%        N/A       1%          2


Dungeon Overview and Level Annotations

Branches:
Dungeon (6/15)             Temple (1/1) D:4

Altars:
Ashenzari
Dithmenos
Elyvilon
Gozag
Hepliaklqana
Makhleb
Okawaru
Trog
Vehumet
Xom

Shops:
D:5 :=

Annotations:
D:6 Duvessa


Innate Abilities, Weirdness & Mutations

You have very sharp teeth.
Your uncanny sense of smell can sniff out nearby items.
Your experience applies equally to all skills.


Message History

You see here 6 stones.
A necrophage is nearby!
A necrophage is nearby!
Casting: Call Canine Familiar (safe; 1% risk of failure)
Confirm with . or Enter, or press ? or * to list all spells.
You miscast Summon Lightning Spire.
You are very lightly contaminated with residual magic.
Desperate hands claw out at you.
A nameless horror comes into view.
Duvessa hits you with a +2 rapier of venom.
Casting: Summon Lightning Spire (dangerous; 6% risk of failure)
Confirm with . or Enter, or press ? or * to list all spells.
A guardian golem appears, shielding your allies.
Duvessa hits you with a +2 rapier of venom!
You are poisoned.
The necrophage hits your guardian golem but does no damage.
You barely miss Duvessa.
You feel very sick. Duvessa barely misses you. Duvessa misses you.
The necrophage hits your guardian golem.
The nameless horror hits you.
You feel your power leaking away.
Press: ? - help, v - describe, . - travel
Here: a nameless horror (durably summoned)
The floor, spattered with blood.
The nameless horror attacks as you move away!
The nameless horror closely misses you.
You feel very sick.
Send 'em back where they came from!
Your guardian golem shudders.
Duvessa attacks as you move away!
Duvessa hits you with a +2 rapier of venom!!
* * * LOW HITPOINT WARNING * * *
You are lethally poisoned!
* * * LOW HITPOINT WARNING * * *
You feel extremely sick. Duvessa misses you.
You feel better.
Duvessa hits you with a +2 rapier of venom!
You die...

#.#^. ##. .# #.#.# ..
.# #..)#∆ .#.# #
#####..###n.# #.
..#......# #. .#
#.#5#..#.#∆ .#.#∆ #
#.#n#Xn.9###...###.
#.e.#e###...# ...#
###n##@###.#.#∆ .#.#
#.......##[..###...##.
#.#.##.......(........
#.#.##.######...#####
#.#.##.# ##...#
#.#....# ##...##
#.####.####..†..###
#......##.......†.####.
######.##.###..........


You could see a nameless horror, Duvessa (berserk) and a necrophage.

Vanquished Creatures
  2 ice beasts
  An orc warrior (D:5)
  A scorpion (D:6)
  2 jellies (D:6)
  A gnoll bouda (D:6)
  An orc priest (D:6)
  2 iguanas
  An orc wizard (D:6)
  3 adders
  4 orcs
  A kobold (D:3)
  2 bats
  2 frilled lizards
23 creatures vanquished.

Vanquished Creatures (collateral kills)
  Sigmund (D:4)
  A sky beast (D:6)
  2 black bears (D:5)
  An ice beast (D:6)
  An ogre (D:4)
  A phantom (D:6)
  A necrophage (D:5)
  2 scorpions
  Dowan (D:6)
  A howler monkey (D:6)
  2 orc priests (D:5)
  2 hounds
  4 iguanas
  A gnoll (D:1)
  7 adders
  2 shadow imps (D:6)
  2 worms
  A dart slug (D:1)
  6 orcs (D:5)
  4 endoplasms
  2 giant cockroaches
  5 goblins
  3 hobgoblins
  6 kobolds
  6 quokkas
  4 ball pythons
  6 bats
  2 frilled lizards (D:3)
  6 rats
83 creatures vanquished.

Vanquished Creatures (others)
  An orc warrior (D:5)
1 creature vanquished.

Grand Total: 107 creatures vanquished

Notes
Turn   | Place    | Note
-------+----------+-------------------------------------------
     0 | D:1      | wormed the Gnoll Summoner began the quest for the Orb.
     0 | D:1      | Reached XP level 1. HP: 13/13 MP: 6/6
   114 | D:1      | Found a faded altar of an unknown god.
   278 | D:1      | Reached XP level 2. HP: 16/19 MP: 5/7
   836 | D:1      | Reached skill level 5 in Spellcasting
   836 | D:1      | Reached XP level 3. HP: 25/25 MP: 7/9
   840 | D:1      | Learned a level 3 spell: Call Canine Familiar
   844 | D:1      | Learned a level 3 spell: Summon Guardian Golem
  1210 | D:2      | You fall into a shaft and drop 1 floor!
  1293 | D:3      | Reached skill level 1 in Invocations
  1689 | D:2      | Reached skill level 1 in Fighting
  1689 | D:2      | Reached skill level 1 in Short Blades
  1689 | D:2      | Reached skill level 1 in Long Blades
  1689 | D:2      | Reached skill level 1 in Axes
  1689 | D:2      | Reached skill level 1 in Maces & Flails
  1689 | D:2      | Reached skill level 1 in Polearms
  1689 | D:2      | Reached skill level 1 in Staves
  1689 | D:2      | Reached skill level 1 in Ranged Weapons
  1689 | D:2      | Reached skill level 1 in Throwing
  1689 | D:2      | Reached skill level 1 in Armour
  1689 | D:2      | Reached skill level 1 in Shields
  1689 | D:2      | Reached skill level 1 in Unarmed Combat
  1689 | D:2      | Reached skill level 1 in Evocations
  1788 | D:2      | Reached XP level 4. HP: 32/32 MP: 2/11
  2309 | D:3      | Learned a level 4 spell: Summon Lightning Spire
  2486 | D:3      | Reached skill level 1 in Conjurations
  2486 | D:3      | Reached skill level 1 in Hexes
  2486 | D:3      | Reached skill level 1 in Necromancy
  2486 | D:3      | Reached skill level 1 in Translocations
  2486 | D:3      | Reached skill level 1 in Transmutations
  2486 | D:3      | Reached skill level 1 in Fire Magic
  2486 | D:3      | Reached skill level 1 in Ice Magic
  2486 | D:3      | Reached skill level 1 in Air Magic
  2486 | D:3      | Reached skill level 1 in Earth Magic
  2486 | D:3      | Reached skill level 1 in Poison Magic
  3289 | D:4      | Noticed an ogre
  3299 | D:4      | Killed an ogre
  3300 | D:4      | Reached XP level 5. HP: 37/37 MP: 8/12
  3632 | D:4      | Found a staircase to the Ecumenical Temple.
  3644 | Temple   | Entered the Ecumenical Temple
  3814 | D:4      | Noticed Sigmund
  3852 | D:4      | Killed Sigmund
  3853 | D:4      | Reached skill level 5 in Dodging
  3853 | D:4      | Reached XP level 6. HP: 29/44 MP: 2/14
  4088 | D:4      | Identified the +1 ring mail "Wieleun" {Rampage rF- MP+9
                  | Slay+5}
  4598 | D:5      | Entered Level 5 of the Dungeon
  4689 | D:5      | Found Lantav's Book Boutique.
  4742 | D:5      | Noticed an orc warrior
  4766 | D:5      | Killed an orc warrior
  4767 | D:5      | Reached XP level 7. HP: 35/51 MP: 1/15
  5100 | D:5      | Found a bloodstained altar of Trog.
  5118 | D:5      | Reached skill level 5 in Stealth
  5455 | D:5      | Reached XP level 8. HP: 58/58 MP: 12/16
  5813 | D:5      | Found Foegun's Jewellery Boutique.
  6033 | D:5      | Found the +7 staff of the Meek {protect, meekguard}
  6073 | D:5      | Found a radiant altar of Vehumet.
  6289 | D:5      | Became a worshipper of Vehumet
  7652 | D:6      | Found a shimmering altar of Xom.
  7810 | D:6      | Noticed Dowan
  7812 | D:6      | Noticed Duvessa
  7826 | D:6      | Killed Dowan
  7833 | D:6      | Reached XP level 9. HP: 30/65 MP: 9/18
  8334 | D:6      | Reached skill level 8 in Summonings
  8398 | D:6      | Slain by Duvessa

Illustrated notes

Levels and vault maps discovered:
D:1:      matt_arrival_grand_opening, layout_basic,
          ebering_ecumenical_altar_rust, minivault_27, minmay_pentomino_p2
D:2:      layout_rooms, minivault_19
D:3:      layout_basic, hangedman_decor_push
D:4:      layout_basic, minmay_temple_entry_trees, uniq_sigmund
D:5:      layout_basic, lemuel_round_altar, trog_ov_bears_minmay, serial_shops,
          shop, nicolae_shop_hallway_stairs, pf_guarded_unrand_meek
D:6:      layout_loops_corners, mainiacjoe_overflow_concentric_impassable,
          dk_noncrumbling_2, minmay_starry_boxes, uniq_duvessa
Temple:   hellmonk_temple_beads

Skill      XL: |  1  2  3  4  5  6  7  8  9 |
---------------+----------------------------+-----
Spellcasting   | 5 6 |  6.6
Invocations    | 1 2 3 4 |  4.5
Fighting       | 1 2 3 4 |  4.1
Short Blades   | 1 2 3 4 |  4.1
Long Blades    | 1 2 3 4 |  4.1
Axes           | 1 2 3 4 |  4.1
Maces & Flails | 1 2 3 4 |  4.1
Polearms       | 1 2 3 4 |  4.1
Staves         | 1 2 3 4 |  4.1
Ranged Weapons | 1 2 3 4 |  4.1
Throwing       | 1 2 3 4 |  4.1
Armour         | 1 2 3 4 |  4.1
Shields        | 1 2 3 4 |  4.1
Unarmed Combat | 1 2 3 4 |  4.1
Evocations     | 1 2 3 4 |  4.1
Conjurations   | 1 2 3 |  3.4
Hexes          | 1 2 3 |  3.4
Necromancy     | 1 2 3 |  3.4
Translocations | 1 2 3 |  3.4
Transmutations | 1 2 3 |  3.4
Fire Magic     | 1 2 3 |  3.4
Ice Magic      | 1 2 3 |  3.4
Air Magic      | 1 2 3 |  3.4
Earth Magic    | 1 2 3 |  3.4
Poison Magic   | 1 2 3 |  3.4
Dodging        | 5 6 |  6.2
Stealth        | 5 6 |  6.0
Summonings     | 8 |  8.0

Action                   |  1- 3 |  4- 6 |  7- 9 || total
-------------------------+-------+-------+-------++-------
Melee: Club              |    16 |    13 |       ||    29
       Unarmed           |     2 |       |       ||     2
       Bite              |     2 |     3 |     4 ||     9
       Short sword       |       |    21 |    43 ||    64
       Quarterstaff      |       |       |    47 ||    47
 Cast: Summon Small Mamm |    12 |       |     2 ||    14
       Call Canine Famil |     7 |    20 |    34 ||    61
       Summon Guardian G |     2 |     2 |     2 ||     6
       Summon Lightning  |       |     8 |    16 ||    24
  Use: Scroll            |       |       |     7 ||     7
       Potion            |       |       |     3 ||     3
 Stab: Sleeping          |     1 |       |     1 ||     2
       Distracted        |       |       |     2 ||     2
Armor: Robe              |     6 |       |       ||     6
       Leather armour    |     2 |     6 |    23 ||    31
Dodge: Dodged            |    20 |    31 |    63 ||   114
